 Dungeon Crawl Stone Soup version 0.29-a0-598-gd8304a5bf4 (webtiles) character file.

Game seed: 3879994644735900940

138 vineage the Skirmisher (level 5, -11/37 HPs)
             Began as a Gargoyle Fighter on June 15, 2022.
             Killed by divine providence
             ... invoked by an orc priest
              (13 damage)
             ... on level 3 of the Dungeon.
             The game lasted 00:03:26 (2847 turns).

vineage the Skirmisher (Gargoyle Fighter)           Turns: 2847, Time: 00:03:26

Health: -11/37     AC: 19    Str: 21 (22) XL:     5   Next: 21%
Magic:  5/5        EV:  9    Int:  5 (8)  God:
Gold:   1071       SH:  5    Dex:  6 (9)  Spells: 4/4 levels left

rFire   + . .      SeeInvis .   i - +3 morningstar (protect)
rCold   . . .      Faith    .   c - +1 buckler
rNeg    + . .      Spirit   .   b - +0 scale mail
rPois   ∞          Reflect  .   (no helmet)
rElec   +          Harm     .   j - +0 cloak
rCorr   .          Rampage  .   (no gloves)
Will    .....                   (no boots)
Stlth   ..........              (no amulet)
HPRegen 0.12/turn               m - ring of protection from fire
MPRegen 0.09/turn               (no ring)

@: under a protective aura
A: sickness immunity, AC +4, negative energy resistance 1, electricity
resistance, torment resistance 1, petrification resistance
a: no special abilities


You were on level 3 of the Dungeon.
You visited 1 branch of the dungeon, and saw 3 of its levels.

You collected 1306 gold pieces.
You spent 235 gold pieces at shops.

Inventory:

Hand Weapons
 i - a +3 morningstar of protection (weapon)
Armour
 b - a +0 scale mail (worn)
 c - a +1 buckler (worn)
 j - a +0 cloak (worn)
Jewellery
 m - a ring of protection from fire (left hand)
Scrolls
 a - a scroll of acquirement
 f - 3 scrolls of enchant armour
Potions
 d - 2 potions of might
 g - a potion of cancellation
 h - a potion of flight


   Skills:
 * Level 6.3 Fighting
 - Level 2.0 Maces & Flails
 - Level 3.2 Armour
 - Level 3.2 Shields


You had 4 spell levels left.
You didn't know any spells.
Your spell library was empty.

Dungeon Overview and Level Annotations

Branches:
Dungeon (3/15)

Altars:
Gozag

Shops:
D:1 (

Annotations:
D:3 3 runed translucent doors, QuickerDeath's ghost, amateur DgIE


Innate Abilities, Weirdness & Mutations

You are immune to sickness and miasma.
Your stone body is resilient. (AC +4)
You are immune to poison.
You resist negative energy. (rN+)
You are resistant to electric shocks. (rElec)
You are resistant to unholy torment.
You are immune to petrification.


Message History

You barely miss the orc. The orc hits you but does no damage.
You hit the orc.
The orc is lightly wounded.
The orc hits you with a +0 hand axe. The orc barely misses you.
You are too injured to fight recklessly!
You are too injured to fight recklessly!
You are too injured to fight recklessly!
You are too injured to fight recklessly!
You are too injured to fight recklessly!
You are too injured to fight recklessly!
You are too injured to fight recklessly!
You are too injured to fight recklessly!
You are too injured to fight recklessly!
You are too injured to fight recklessly!
You are too injured to fight recklessly!
You are too injured to fight recklessly!
You are too injured to fight recklessly!
You are too injured to fight recklessly!
You are too injured to fight recklessly!
You are too injured to fight recklessly!
You puncture the orc!
You kill the orc!
You hit the orc.
The orc is severely wounded.
The orc priest mumbles some strange prayers to Beogh against you.
Beogh smites you!
* * * LOW HITPOINT WARNING * * *
The orc hits you with a +0 whip.
* * * LOW HITPOINT WARNING * * *
You block the orc's attack.
The orc priest miscasts a cantrip.
It was a potion of degeneration.
There was something very wrong with that liquid.
You feel weakened.
You feel dopey.
You feel clumsy. The orc hits you but does no damage.
You closely miss the orc.
The orc is severely wounded.
The orc priest calls down the wrath of Beogh upon you.
Beogh smites you!
You die...

#.# #..
.#####g#
#.#
#.......g
#.#
#.#####.#
#.# #.#
#.# #.#
#o# #.#
#o# ...
#@# ###
#.#####
#.....#
#.#
#####.#
.# #.#
#.# #.#
#.# #.#
#.# #.#
#.#
#.#####
#.# ##.#
#......
#.# #..#
####.#
#.#


You could see an orc priest and an orc.

Vanquished Creatures
  2 adders
  4 gnolls
  2 worms
  3 dart slugs
  3 orcs (D:3)
  9 ball pythons
  4 endoplasms
  3 giant cockroaches
  2 goblins
  6 hobgoblins
  5 jackals
  2 quokkas
  6 bats (D:1)
  2 frilled lizards
  6 kobolds
  4 rats
63 creatures vanquished.

Notes
Turn   | Place    | Note
-------+----------+-------------------------------------------
     0 | D:1      | vineage the Gargoyle Fighter began the quest for the Orb.
     0 | D:1      | Reached XP level 1. HP: 14/14 MP: 1/1
   109 | D:1      | Reached XP level 2. HP: 18/20 MP: 2/2
   257 | D:1      | Reached skill level 4 in Fighting
   381 | D:1      | Found Ovoniok's Weapon Boutique.
   739 | D:1      | Reached XP level 3. HP: 23/24 MP: 3/3
  1404 | D:2      | Reached skill level 5 in Fighting
  1454 | D:2      | Identified a scroll of acquirement
  1454 | D:2      | Acquired 1196 gold pieces
  1503 | D:2      | Found a faded altar of an unknown god.
  1595 | D:1      | Bought a +2 morningstar of protection for 235 gold pieces
  1684 | D:2      | Reached XP level 4. HP: 31/31 MP: 4/4
  2539 | D:3      | Reached skill level 6 in Fighting
  2617 | D:3      | Reached XP level 5. HP: 36/36 MP: 5/5
  2709 | D:3      | Found a runed translucent gate.
  2803 | D:3      | Found an opulent altar of Gozag.
  2804 | D:3      | Found a runed translucent gate.
  2805 | D:3      | Found a runed translucent gate.
  2806 | D:3      | Noticed QuickerDeath's ghost (amateur DgIE)
  2847 | D:3      | Killed from afar by an orc priest

Illustrated notes

Levels and vault maps discovered:
D:1:      minmay_arrival_four_loops, layout_basic, serial_shops,
          nicolae_shop_stone, st_stairs_1, minmay_bisected
D:2:      layout_loops_ring, serial_aquarium, aquarium_bridge_straight
          [aquarium_subvault_bridge, aquarium_subvault_balcony,
          aquarium_subvault_bridge, aquarium_subvault_wall],
          aquarium_bridge_long_separate [aquarium_subvault_bridge,
          aquarium_subvault_wall, aquarium_subvault_balcony,
          aquarium_subvault_wall, aquarium_subvault_bridge,
          aquarium_subvault_window], aquarium_window_1, aquarium_window_fake,
          aquarium_window_3, aquarium_window_fake, aquarium_view_2a,
          shapermc_ecumenical_altar_mp_urbaneastern
D:3:      layout_loops_ring, ebering_ghost_gozag

Skill      XL: |  1  2  3  4 |
---------------+-------------+-----
Fighting       | 4 5 6 |  6.3
Maces & Flails | |  2.0
Armour         | |  3.2
Shields        | |  3.2

Action                   |  1- 3 |  4- 6 || total
-------------------------+-------+-------++-------
Melee: Flail             |   110 |       ||   110
       Morningstar       |     2 |    70 ||    72
  Use: Scroll            |     7 |     3 ||    10
       Potion            |       |     2 ||     2
Armor: Scale mail        |    77 |    43 ||   120
Dodge: Dodged            |    66 |    47 ||   113
Block: Buckler           |    28 |    19 ||    47

Table legend: (Time is in decaauts)
 A = Elapsed time spent in this place.
 B = Non-inter-level travel time spent in this place.
 C = Inter-level travel time spent in this place.
 D = Time resting spent in this place.
 E = Time spent auto-exploring this place.
 F = Levels seen in this place.
 G = Mean time per level.
                   A        B        C        D        E       F      G
               +--------+--------+--------+--------+--------+-----+--------+
         Total |   2916 |   2758 |    158 |    276 |   1984 |   3 |  972.0 |
       Dungeon |   2916 |   2758 |    158 |    276 |   1984 |   3 |  972.0 |
               +--------+--------+--------+--------+--------+-----+--------+

Top non-repeatable levels by time:
     D:2: 1223 daAuts
     D:1: 1210 daAuts
     D:3: 482 daAuts
